 Dungeon Sprint DCSS version 0.27-a0-1525-g1038ab4fd7 (webtiles) character file.

Game seed: 4696099825521674190

29078 mhtbhm the Peltast (level 13, -17/90 HPs)
             Began as a Gargoyle Fighter on July 10, 2021.
             Was the Champion of Qazlal.
             Hit by a javelin thrown by a merfolk javelineer (21 damage)
             ... while paralysed by a vampire knight
             ... in the Dungeon (Sprint VII: "The Pits").
             The game lasted 00:09:26 (4020 turns).

mhtbhm the Peltast (Gargoyle Fighter)               Turns: 4020, Time: 00:09:26

Health: -17/90     AC: 30    Str: 25    XL:     13   Next: 43%
Magic:  7/24       EV:  2    Int:  9    God:    Qazlal [******]
Gold:   56         SH:  0    Dex: 12    Spells: 12/12 levels left

rFire    . . .     SeeInvis .   a - +2 morningstar (vorpal)
rCold    + . .     Faith    .   c - +0 kite shield
rNeg     + . .     Spirit   .   b - +4 scale mail {rC+}
rPois    ∞         Reflect  .   (no helmet)
rElec    +         Harm     .   r - +0 cloak
rCorr    .         Rampage  .   (no gloves)
Will     .....     NoTele   +   (no boots)
Stlth    +.........             (no amulet)
HPRegen  0.25/turn              o - +3 ring of protection
MPRegen  0.19/turn              q - +3 ring of dexterity

@: paralysed, protected from physical damage, repel missiles
A: sickness immunity, AC +9, negative energy resistance 1, electricity
resistance, torment resistance 1, petrification resistance
a: Renounce Religion, Upheaval, Elemental Force, Disaster Area


You were in the Dungeon.
You worshipped Qazlal.
Qazlal was exalted by your worship.
You visited 1 branch You collected 56 gold pieces.

Inventory:

Hand Weapons
 a - a +2 vorpal morningstar (weapon)
 n - a +2 dire flail of holy wrath
 A - a +4 demon whip of pain
Missiles
 s - 4 throwing nets (quivered)
Armour
 b - a +4 scale mail of cold resistance (worn)
 c - a +0 kite shield (worn)
 r - a +0 cloak (worn)
Jewellery
 o - a +3 ring of protection (left hand)
 q - a +3 ring of dexterity (right hand)
 u - a ring of fire
Scrolls
 j - a scroll of blinking
 l - 5 scrolls of amnesia
 v - 2 scrolls of identify
 w - 4 scrolls of enchant armour
 y - a scroll of fog
Potions
 d - a potion of might
 e - 8 potions of curing
 f - a potion of heal wounds
 g - 3 potions of haste
 h - 2 potions of magic
 i - 6 potions of berserk rage
 k - 2 potions of invisibility
 p - 2 potions of resistance
 t - a potion of flight
 x - a potion of brilliance
Miscellaneous
 z - a piece from Xom's chessboard (15/15)


   Skills:
 + Level 14.1 Fighting
 + Level 17.2 Maces & Flails
 + Level 12.5 Armour
 + Level 7.2 Dodging
 - Level 2.4 Stealth
 + Level 19.6 Shields
 * Level 15.5 Invocations


You had 12 spell levels left.
You didn't know any spells.
Your spell library contained the following spells:

 Spells                   Type           Power      Damage    Failure   Level
 Magic Dart               Conj           0%         1d3       61%         1
 Call Imp                 Summ           0%         N/A       75%         2
 Mephitic Cloud           Conj/Pois/Air  0%         N/A       93%         3
 Fireball                 Conj/Fire      0%         3d3       100%        5
 Iskenderun's Battlesphe  Conj           0%         2d6       100%        5
 Conjure Ball Lightning   Conj/Air       0%         3x3d6     100%        6
 Orb of Destruction       Conj           0%         N/A       100%        7


Dungeon Overview and Level Annotations

Branches:
Dungeon (1/1)

Altars:
Ashenzari
Cheibriados
Dithmenos
Elyvilon
Fedhas
Gozag
Hepliaklqana
Kikubaaqudgha
Makhleb
Nemelex Xobeh
Okawaru
Qazlal
Ru
Sif Muna
Trog
Uskayaw
Vehumet
Wu Jian
Xom
Yredelemnul
Zin
The Shining One
Beogh
Jiyva
Lugonu


Innate Abilities, Weirdness & Mutations

You are immune to sickness and miasma.
Your stone body is resilient. (AC +9)
You are immune to poison.
You resist negative energy. (rN+)
You are resistant to electric shocks. (rElec)
You are resistant to unholy torment.
You are immune to petrification.


Message History

Something bites you but does no damage.
The merfolk javelineer throws a javelin.
The javelin pierces through you!
* * * LOW HITPOINT WARNING * * *
You can move again.
Unknown command.
You feel much better.
Your protection from physical attacks is fading.
You hear a shout!
Something hits you but does no damage. You block something's attack.
The merfolk javelineer throws a javelin.
The javelin closely misses you.
You hear some strange, mumbled words.
You shrug off the repeated paralysis!
You feel much better. Something hits you! Something bites you.
* * * LOW HITPOINT WARNING * * *
The merfolk javelineer throws a javelin.
The javelin pierces through you.
* * * LOW HITPOINT WARNING * * *
Unknown command.
Unknown command.
Okay, then.
Blink to where?
Press: ? - help, Dir - move target
As you read the scroll of blinking, it crumbles to dust.
You hear some strange, mumbled words.
You suddenly lose the ability to move!
Something hits you!
* * * LOW HITPOINT WARNING * * *
You feel more protected from physical attacks.
Something bites you.
* * * LOW HITPOINT WARNING * * *
The merfolk javelineer throws a javelin.
The javelin pierces through you but does no damage.
Something completely misses you. Something bites you but does no damage.
Something completely misses you. Something bites you!
* * * LOW HITPOINT WARNING * * *
The merfolk javelineer throws a javelin.
The javelin pierces through you!!
You die...

###################
#..................
#..§...............
#.§################ #.@#
#.# # #.§# #)# # #○)## #y#
# #..#.#s# # #..##m# #
#°.#.######### #
#############).m..........
#_________.##[.....†......
#_________.###########++##


You could see a merfolk javelineer.

Vanquished Creatures
  Arachne (D)
  A deep elf master archer (D)
  A sphinx (D)
  Agnes (D)
  A catoblepas (D)
  Harold (D)
  2 alligator snapping turtles (D)
  A death yak (D)
  A deep elf knight (D)
  5 hell knights (D)
  Nergalle (D)
  2 sixfirhies (D)
  A spriggan druid (D)
  2 bog bodies (D)
  A phantasmal warrior (D)
  A deep elf pyromancer (D)
  An elephant (D)
  An elephant (shapeshifter) (D)
  A black mamba (D)
  A molten gargoyle (D)
  A merfolk siren (D)
  A gargoyle (D)
  An orange demon (D)
  A cane toad (D)
  A cane toad (shapeshifter) (D)
  Psyche (D)
  A hellwing (D)
  A freezing wraith (D)
  3 demonic crawlers (D)
  An ice devil (D)
  2 wandering mushrooms (D)
  A polar bear (D)
  2 red devils (D)
  A wind drake (D)
  2 merfolk (D)
  A tyrant leech (D)
  A redback (D)
  2 spriggans (D)
  2 flying skulls (D)
  A ynoxinul (D)
  11 yaks (D)
  A wyvern (D)
  A fire bat (D)
  Grum (D)
  A vampire mosquito (D)
  A neqoxec (D)
  Edmund (D)
  A warg (D)
  An acid dragon (D)
  A floating eye (D)
  2 necrophages (D)
  A centaur (D)
  A phantom (D)
  2 kobold brigands (D)
  5 wights (D)
  4 killer bees (D)
  A hound (D)
  3 orc priests (D)
  An iron imp (D)
  A gnoll shaman (D)
  3 orc wizards (D)
  A hell rat (D)
  5 gnolls (D)
  2 adders (D)
  A river rat (D)
  2 white imps (D)
  3 orcs (D)
  A ball python (D)
  A bat zombie (D)
  A giant cockroach (D)
  A goblin (D)
  2 hobgoblins (D)
  6 jackals (D)
  2 quokkas (D)
  A quokka skeleton (D)
127 creatures vanquished.

Vanquished Creatures (collateral kills)
  A black mamba (D)
  A wyvern (D)
2 creatures vanquished.

Grand Total: 129 creatures vanquished

Notes
Turn   | Place    | Note
-------+----------+-------------------------------------------
     0 | D        | mhtbhm the Gargoyle Fighter began the quest for the Orb.
     0 | D        | Reached XP level 1. HP: 14/14 MP: 1/1
    17 | D        | Reached skill level 4 in Shields
    17 | D        | Reached XP level 2. HP: 9/20 MP: 2/2
   294 | D        | Found a bloodstained altar of Trog.
   294 | D        | Found a shimmering blue altar of Sif Muna.
   294 | D        | Found a viscous altar of Jiyva.
   294 | D        | Found a hazy altar of Hepliaklqana.
   294 | D        | Found an opulent altar of Gozag.
   295 | D        | Found a glowing golden altar of the Shining One.
   295 | D        | Found a glowing silver altar of Zin.
   295 | D        | Found a basalt altar of Yredelemnul.
   295 | D        | Found a shimmering altar of Xom.
   295 | D        | Found an ornate altar of the Wu Jian Council.
   295 | D        | Found a sacrificial altar of Ru.
   295 | D        | Found a stormy altar of Qazlal.
   295 | D        | Found an iron altar of Okawaru.
   295 | D        | Found a sparkling altar of Nemelex Xobeh.
   295 | D        | Found a burning altar of Makhleb.
   295 | D        | Found a blossoming altar of Fedhas.
   295 | D        | Found a white marble altar of Elyvilon.
   295 | D        | Found a shadowy altar of Dithmenos.
   295 | D        | Found a snail-covered altar of Cheibriados.
   297 | D        | Found a radiant altar of Vehumet.
   297 | D        | Found a corrupted altar of Lugonu.
   298 | D        | Found a hide-covered altar of Uskayaw.
   298 | D        | Found an ancient bone altar of Kikubaaqudgha.
   298 | D        | Found a broken altar of Ashenzari.
   302 | D        | Became a worshipper of Qazlal Stormbringer
   409 | D        | Reached * piety under Qazlal
   411 | D        | Noticed a floating eye
   412 | D        | Paralysed by a floating eye for 4 turns
   420 | D        | Killed a floating eye
   421 | D        | Reached skill level 6 in Shields
   421 | D        | Reached XP level 3. HP: 27/27 MP: 3/3
   421 | D        | Reached XP level 4. HP: 32/32 MP: 4/4
   421 | D        | Reached XP level 5. HP: 36/36 MP: 5/5
   433 | D        | Reached ** piety under Qazlal
   450 | D        | Reached *** piety under Qazlal
   521 | D        | Noticed a warg
   527 | D        | Reached skill level 5 in Maces & Flails
   547 | D        | Killed a warg
   548 | D        | Reached skill level 1 in Dodging
   548 | D        | Reached skill level 7 in Shields
   548 | D        | Reached XP level 6. HP: 26/44 MP: 6/6
   555 | D        | Reached **** piety under Qazlal
   559 | D        | Noticed a necrophage
   578 | D        | Killed a necrophage
   579 | D        | Reached skill level 8 in Shields
   885 | D        | Noticed a vampire mosquito
   897 | D        | Killed a vampire mosquito
   898 | D        | Reached skill level 9 in Shields
   898 | D        | Reached XP level 7. HP: 28/48 MP: 7/7
  1036 | D        | Reached ***** piety under Qazlal
  1048 | D        | Noticed Edmund
  1048 | D        | Noticed an elephant
  1063 | D        | Killed Edmund
  1064 | D        | Reached skill level 10 in Shields
  1079 | D        | Killed an elephant
  1080 | D        | Reached skill level 1 in Stealth
  1080 | D        | Reached skill level 11 in Shields
  1080 | D        | Reached XP level 8. HP: 52/55 MP: 8/8
  1211 | D        | Noticed a freezing wraith
  1212 | D        | Noticed a black mamba
  1216 | D        | Killed a freezing wraith
  1217 | D        | Reached skill level 10 in Maces & Flails
  1220 | D        | Killed a black mamba
  1221 | D        | Reached skill level 12 in Shields
  1221 | D        | Reached skill level 1 in Invocations
  1518 | D        | Noticed a cane toad
  1522 | D        | Noticed a bog body
  1522 | D        | Noticed a wandering mushroom
  1528 | D        | Killed a cane toad
  1529 | D        | Reached XP level 9. HP: 54/60 MP: 10/10
  1534 | D        | Killed a bog body
  1535 | D        | Reached skill level 13 in Shields
  1604 | D        | Killed a wandering mushroom
  1774 | D        | Noticed a demonic crawler
  1784 | D        | Killed a demonic crawler
  1787 | D        | Reached ****** piety under Qazlal
  1788 | D        | Reached skill level 10 in Armour
  2145 | D        | Reached skill level 14 in Shields
  2151 | D        | Reached skill level 10 in Fighting
  2151 | D        | Reached XP level 10. HP: 50/68 MP: 12/12
  2243 | D        | Noticed Nergalle
  2250 | D        | Killed Nergalle
  2373 | D        | Reached skill level 15 in Shields
  2374 | D        | Noticed a phantasmal warrior
  2385 | D        | Killed a phantasmal warrior
  2416 | D        | Noticed a spriggan druid
  2417 | D        | Noticed Psyche
  2419 | D        | Noticed a molten gargoyle
  2427 | D        | Killed a spriggan druid
  2485 | D        | Killed a molten gargoyle
  2486 | D        | Reached XP level 11. HP: 48/74 MP: 10/13
  2488 | D        | Killed Psyche
  2494 | D        | Reached skill level 15 in Maces & Flails
  2574 | D        | Reached skill level 16 in Shields
  2592 | D        | Reached skill level 5 in Dodging
  2597 | D        | Reached skill level 5 in Invocations
  2947 | D        | Noticed Harold
  2981 | D        | Killed Harold
  2982 | D        | Reached skill level 17 in Shields
  3044 | D        | Noticed a bog body
  3047 | D        | Noticed a death yak
  3055 | D        | Killed a bog body
  3069 | D        | Killed a death yak
  3070 | D        | Reached XP level 12. HP: 33/82 MP: 16/18
  3497 | D        | Noticed an alligator snapping turtle
  3497 | D        | Noticed a sphinx
  3497 | D        | Noticed a hell knight
  3497 | D        | Noticed a hell knight
  3497 | D        | Noticed a hell knight
  3497 | D        | Noticed a hell knight
  3497 | D        | Noticed a hell knight
  3500 | D        | Killed a hell knight
  3500 | D        | Killed a hell knight
  3500 | D        | Killed a hell knight
  3501 | D        | Reached skill level 18 in Shields
  3501 | D        | Killed a hell knight
  3510 | D        | Killed a hell knight
  3510 | D        | Killed a sphinx
  3511 | D        | Reached skill level 10 in Invocations
  3521 | D        | Killed an alligator snapping turtle
  3940 | D        | Noticed a deep elf master archer
  3940 | D        | Noticed Arachne
  3950 | D        | Noticed Agnes
  3951 | D        | Noticed a deep elf knight
  3958 | D        | Noticed a catoblepas
  3968 | D        | Killed a deep elf master archer
  3969 | D        | Reached skill level 19 in Shields
  3974 | D        | Killed Arachne
  3975 | D        | Reached XP level 13. HP: 74/89 MP: 2/23
  3991 | D        | Killed Agnes
  4003 | D        | Reached skill level 15 in Invocations
  4004 | D        | Noticed a vampire knight
  4006 | D        | Noticed Grum
  4007 | D        | Killed Grum
  4007 | D        | Noticed an emperor scorpion
  4007 | D        | Noticed a merfolk javelineer
  4008 | D        | Paralysed by a vampire knight for 6 turns
  4014 | D        | HP: 2/90 [merfolk javelineer/javelin (10)]
  4017 | D        | Paralysed by something for 7 turns
  4020 | D        | HP: 4/90 [something (8)]
  4020 | D        | Hit by a javelin thrown by a merfolk javelineer

Illustrated notes

Levels and vault maps discovered:
D:        pitsprint [storerooms_1, entrance_room_1, metal_vault_8, armoury_2,
          mini_pit_1, grid_room_1, main_hall_1, silver_pit, the_coven_3,
          the_vestibule_1, steel_vault_3, golden_pit, hallway_of_sentries,
          crystal_vault_5, iron_vault_2, final_vault]

Skill      XL: |  1  2  3  4  5  6  7  8  9 10 11 12 13 |
---------------+----------------------------------------+-----
Fighting       | 4 6 7 8 9 10 11 12 13 14 | 14.1
Armour         | 4 6 7 8 9 10 11 12 | 12.5
Shields        | 4 6 7 9 11 12 14 15 17 19 | 19.6
Maces & Flails | 4 6 7 9 11 12 14 16 17 | 17.2
Dodging        | 1 2 3 4 5 6 7 |  7.2
Stealth        | 1 2 |  2.4
Invocations    | 1 3 8 13 15 | 15.5

Action                   |  1- 3 |  4- 6 |  7- 9 | 10-12 | 13-15 || total
-------------------------+-------+-------+-------+-------+-------++-------
Melee: Flail             |     4 |    71 |    46 |       |       ||   121
       Mace              |    11 |    16 |       |       |       ||    27
       Morningstar       |       |       |    49 |   262 |    15 ||   326
Throw: Dart              |       |       |       |       |     1 ||     1
Invok: Elemental Force   |       |       |     1 |     2 |       ||     3
       Disaster Area     |       |       |       |     7 |     3 ||    10
       Upheaval          |       |       |       |     1 |       ||     1
Evoke: Piece from Xom's  |       |       |       |     1 |       ||     1
  Use: Potion            |       |     1 |     1 |    10 |     5 ||    17
       Scroll            |       |       |       |     1 |     3 ||     4
Armor: Scale mail        |     4 |    12 |    19 |    90 |    13 ||   138
       Chain mail        |       |    29 |     9 |       |       ||    38
Dodge: Dodged            |     2 |    21 |    22 |    66 |     8 ||   119
Block: Kite shield       |     5 |    84 |    79 |   294 |    17 ||   479
       Other             |       |       |       |     4 |       ||     4

Table legend: (Time is in decaauts)
 A = Elapsed time spent in this place.
 B = Non-inter-level travel time spent in this place.
 C = Inter-level travel time spent in this place.
 D = Time resting spent in this place.
 E = Time spent auto-exploring this place.
 F = Levels seen in this place.
 G = Mean time per level.
                   A        B        C        D        E       F      G
               +--------+--------+--------+--------+--------+-----+--------+
         Total |   4014 |   4014 |      0 |   2532 |     31 |   1 | 4014.0 |
       Dungeon |   4014 |   4014 |      0 |   2532 |     31 |   1 | 4014.0 |
               +--------+--------+--------+--------+--------+-----+--------+

Top non-repeatable levels by time:
       D: 4014 daAuts
